[Event "45th FIDE Olympiad 2024"]
[Site "Budapest"]
[Date "2024.09.18"]
[Round "7.174"]
[White "Smith, Shreyas"]
[Black "Annaberdiyev, Meylis"]
[Result "0-1"]
[WhiteElo "2226"]
[BlackElo "2431"]
[PlyCount "120"]
[EventDate "2024.09.05"]
[EventType "team-tourn"]
[EventCountry "HUN"]
[WhiteTeam "Jamaica"]
[BlackTeam "Turkmenistan"]
[WhiteTeamCountry "JAM"]
[BlackTeamCountry "TKM"]
[TimeControl "40/5400+30:1800+30"]

1. e4 c5 2. c3 d5 3. exd5 Qxd5 4. d4 Nc6 5. Nf3 Bf5 6. Nbd2 Qe6+ 7. Qe2 Qxe2+ 8. Bxe2 cxd4 9. Nxd4 Nxd4 10. cxd4 Nf6 11. Bb5+ Bd7 12. Bxd7+ Kxd7 13. Nc4 e6 14. Ne5+ Ke8 15. Ke2 Bd6 16. Bd2 Nd5 17. Nc4 Kd7 18. Nxd6 Kxd6 19. Rac1 Rac8 20. Rxc8 Rxc8 21. Rc1 Rxc1 22. Bxc1 Ne7 23. Kd3 Kd5 24. Bd2 Nf5 25. Bc3 h5 26. g3 g5 27. b3 g4 28. Bb2 b5 29. Bc3 a6 30. a4 f6 31. axb5 axb5 32. b4 h4 33. gxh4 Nxh4 34. Ke3 Ng2+ 35. Kd2 Ke4 36. d5 exd5 37. Bxf6 d4 38. Bg5 d3 39. Kd1 Kf5 40. Bd8 Nf4 41. Kd2 Ke4 42. Bb6 Nh3 43. Ba7 Ng5 44. Kc3 Nf3 45. Bb8 Ng1 46. Ba7 Ne2+ 47. Kd2 Nd4 48. Kc3 Nc6 49. Bc5 Ne5 50. Bf8 Nc4 51. Bh6 Nb6 52. Bf8 Nd5+ 53. Kd2 Kd4 54. Bd6 Kc4 55. Bf8 Nxb4 56. f3 gxf3 57. Ke3 Nd5+ 58. Kxf3 Kc3 59. h4 d2 60. Ke2 Kc2 {0-} 0-1

[Event "45th FIDE Olympiad 2024"]
[Site "Budapest"]
[Date "2024.09.18"]
[Round "7.175"]
[White "Hommadov, Amanmuhammet"]
[Black "Glaves, Raheem"]
[Result "1-0"]
[WhiteElo "2181"]
[BlackElo "2094"]
[PlyCount "81"]
[EventDate "2024.09.05"]
[EventType "team-tourn"]
[EventCountry "HUN"]
[WhiteTeam "Turkmenistan"]
[BlackTeam "Jamaica"]
[WhiteTeamCountry "TKM"]
[BlackTeamCountry "JAM"]
[TimeControl "40/5400+30:1800+30"]

1. e4 d6 2. d4 Nf6 3. Nc3 g6 4. Nf3 Bg7 5. h3 c6 6. a4 Qc7 7. Be3 O-O 8. Be2 Nbd7 9. O-O e5 10. dxe5 dxe5 11. Bc4 Nh5 12. a5 Ndf6 13. Qb1 h6 14. Qa2 g5 15. Bc5 Nf4 16. Rfd1 Bxh3 17. gxh3 Qc8 18. Bf1 Nxh3+ 19. Bxh3 Qxh3 20. Bxf8 Nh5 21. Rd3 Nf4 22. Ne1 Nxd3 23. cxd3 Bxf8 24. Qc4 Rd8 25. a6 b6 26. Qxc6 Bc5 27. Qf6 g4 28. Qxd8+ Kg7 29. Ng2 g3 30. Qh4 gxf2+ 31. Kf1 Qxd3+ 32. Ne2 Qd2 33. Qg3+ Kf6 34. Qc3 Qxc3 35. Nxc3 Kg5 36. Nb5 f5 37. exf5 Kxf5 38. Nxa7 Ke4 39. Nb5 Kf3 40. a7 e4 41. a8=Q 1-0

[Event "45th FIDE Olympiad 2024"]
[Site "Budapest"]
[Date "2024.09.18"]
[Round "7.176"]
[White "Shaw, Jaden"]
[Black "Halynyazov, Vepaly"]
[Result "1/2-1/2"]
[WhiteElo "2051"]
[BlackElo "2049"]
[PlyCount "99"]
[EventDate "2024.09.05"]
[EventType "team-tourn"]
[EventCountry "HUN"]
[WhiteTeam "Jamaica"]
[BlackTeam "Turkmenistan"]
[WhiteTeamCountry "JAM"]
[BlackTeamCountry "TKM"]
[TimeControl "40/5400+30:1800+30"]

1. e4 e6 2. d4 d5 3. Nd2 c5 4. exd5 Qxd5 5. Ngf3 cxd4 6. Bc4 Qd6 7. O-O Nf6 8. Nb3 Nc6 9. Nbxd4 Nxd4 10. Nxd4 a6 11. Re1 Qc7 12. Qe2 Bd6 13. Bg5 O-O 14. Bxf6 gxf6 15. Bd3 Kh8 16. Bxh7 Bxh2+ 17. Kf1 Bf4 18. Bd3 Kg7 19. g3 e5 20. Nf5+ Bxf5 21. Bxf5 Bg5 22. Kg2 Rh8 23. Rad1 Qc6+ 24. Qe4 Qb6 25. Re2 Rad8 26. Rxd8 Rxd8 27. c3 Qb5 28. Qg4 Rh8 29. Qf3 Qa4 30. b3 Qa3 31. Rc2 Qd6 32. Qd3 Qc6+ 33. Be4 Qc7 34. Bf5 a5 35. Qd7 Qxd7 36. Bxd7 Kf8 37. Bf5 Ke7 38. Be4 b6 39. a4 Ke6 40. g4 Rd8 41. b4 axb4 42. cxb4 Rd4 43. Bf5+ Kd5 44. Rb2 Kc6 45. Kf3 Bd2 46. Rc2+ Kd6 47. Be4 Kd7 48. a5 bxa5 49. bxa5 Bxa5 50. Rc5 1/2-1/2

[Event "45th FIDE Olympiad 2024"]
[Site "Budapest"]
[Date "2024.09.18"]
[Round "7.177"]
[White "Espinoza Solano, Jose Nahum"]
[Black "Zambrana, Osvaldo"]
[Result "1/2-1/2"]
[WhiteElo "2156"]
[BlackElo "2405"]
[PlyCount "99"]
[EventDate "2024.09.05"]
[EventType "team-tourn"]
[EventCountry "HUN"]
[WhiteTeam "Nicaragua"]
[BlackTeam "Bolivia"]
[WhiteTeamCountry "NCA"]
[BlackTeamCountry "BOL"]
[TimeControl "40/5400+30:1800+30"]

1. e4 c5 2. Nf3 Nc6 3. d4 cxd4 4. Nxd4 Nf6 5. Nc3 e5 6. Ndb5 d6 7. Bg5 a6 8. Na3 b5 9. Bxf6 gxf6 10. Nd5 f5 11. exf5 Bxf5 12. c3 Bg7 13. Nc2 Be6 14. Nce3 O-O 15. g3 f5 16. Bg2 Kh8 17. O-O Rb8 18. f4 e4 19. Qd2 Ne7 20. Rfd1 Nxd5 21. Nxd5 a5 22. a3 Qc8 23. Kh1 Qc5 24. Rac1 Rbe8 25. Bf1 Bg8 26. Ne3 Bb3 27. Re1 Rb8 28. Bh3 Be6 29. Rcd1 d5 30. Nc2 b4 31. axb4 axb4 32. cxb4 Qb6 33. Nd4 Qxd4 34. Qxd4 Bxd4 35. Rxd4 Rfc8 36. Bf1 Rc2 37. Re2 Rbc8 38. b5 Rxe2 39. Bxe2 Rc2 40. b4 Rxe2 41. b6 Bc8 42. Rxd5 Rc2 43. Rd8+ Kg7 44. b7 Bxb7 45. Rd7+ Kf6 46. Rxb7 e3 47. Rb6+ Kf7 48. Rb7+ Kf6 49. Rb6+ Kf7 50. Rb7+ 1/2-1/2

[Event "45th FIDE Olympiad 2024"]
[Site "Budapest"]
[Date "2024.09.18"]
[Round "7.178"]
[White "Ticona Rocabado, Licael Roderick"]
[Black "Rocha, Maximiliano"]
[Result "1-0"]
[WhiteElo "2321"]
[BlackElo "2156"]
[PlyCount "69"]
[EventDate "2024.09.05"]
[EventType "team-tourn"]
[EventCountry "HUN"]
[WhiteTeam "Bolivia"]
[BlackTeam "Nicaragua"]
[WhiteTeamCountry "BOL"]
[BlackTeamCountry "NCA"]
[TimeControl "40/5400+30:1800+30"]

1. d4 Nf6 2. c4 e6 3. Nf3 d5 4. g3 c6 5. Nbd2 Nbd7 6. Bg2 Bd6 7. O-O O-O 8. Qc2 Qe7 9. e4 dxe4 10. Nxe4 Nxe4 11. Qxe4 e5 12. dxe5 Nxe5 13. Ng5 Ng6 14. Qf3 h6 15. Ne4 Be5 16. Qh5 Qe6 17. Be3 Qxc4 18. f4 Bd4 19. Bxd4 Qxd4+ 20. Kh1 Ne7 21. f5 Bxf5 22. Qe2 Bxe4 23. Bxe4 Nd5 24. Rad1 Qe3 25. Qg4 Rad8 26. Rde1 Nf6 27. Bh7+ Kh8 28. Qh3 Qg5 29. Bf5 Rd2 30. g4 Rxb2 31. Qa3 Rxh2+ 32. Kxh2 Rd8 33. Qe7 Rd2+ 34. Kg1 g6 35. Qf8+ 1-0

[Event "45th FIDE Olympiad 2024"]
[Site "Budapest"]
[Date "2024.09.18"]
[Round "7.179"]
[White "Sanchez, Steven"]
[Black "Pinto, Daniel"]
[Result "0-1"]
[WhiteElo "2072"]
[BlackElo "2273"]
[PlyCount "82"]
[EventDate "2024.09.05"]
[EventType "team-tourn"]
[EventCountry "HUN"]
[WhiteTeam "Nicaragua"]
[BlackTeam "Bolivia"]
[WhiteTeamCountry "NCA"]
[BlackTeamCountry "BOL"]
[TimeControl "40/5400+30:1800+30"]

1. Nf3 c5 2. e4 Nc6 3. Bb5 g6 4. O-O Bg7 5. Re1 Nf6 6. e5 Nd5 7. Nc3 Nc7 8. Bxc6 dxc6 9. Ne4 b6 10. d3 h6 11. h3 O-O 12. Bd2 a5 13. Qc1 Kh7 14. Ng3 Ne6 15. Re4 Rh8 16. Rh4 Qf8 17. Re4 f5 18. exf6 exf6 19. Qe1 Qf7 20. Bc3 Bd7 21. Rd1 Rhe8 22. Re3 Nf4 23. Ne4 Qf8 24. d4 c4 25. Bd2 Re6 26. Nc3 Rae8 27. Qf1 Nd5 28. Nxd5 cxd5 29. Rde1 Re4 30. Bc3 Rxe3 31. Rxe3 Rxe3 32. fxe3 Qe8 33. Qc1 h5 34. Bd2 Qe4 35. b3 Bxh3 36. bxc4 dxc4 37. Kf2 Bf5 38. Ne1 Bf8 39. Qb2 Qc6 40. d5 Qxd5 41. Bc3 Bc5 {0-} 0-1

[Event "45th FIDE Olympiad 2024"]
[Site "Budapest"]
[Date "2024.09.18"]
[Round "7.180"]
[White "Montevilla Cahuasa, Jonathan I."]
[Black "Ortiz, Marcos"]
[Result "1/2-1/2"]
[WhiteElo "2064"]
[BlackElo "2191"]
[PlyCount "66"]
[EventDate "2024.09.05"]
[EventType "team-tourn"]
[EventCountry "HUN"]
[WhiteTeam "Bolivia"]
[BlackTeam "Nicaragua"]
[WhiteTeamCountry "BOL"]
[BlackTeamCountry "NCA"]
[TimeControl "40/5400+30:1800+30"]

1. e4 e6 2. d4 d5 3. Nc3 Nf6 4. Bg5 Bb4 5. e5 h6 6. exf6 hxg5 7. fxg7 Rg8 8. Bd3 Qf6 9. Nf3 c5 10. Be2 Nc6 11. Bb5 cxd4 12. Qxd4 Qxd4 13. Nxd4 Bd7 14. O-O-O Nxd4 15. Rxd4 Bc5 16. Bxd7+ Kxd7 17. Rd3 Rxg7 18. f3 Rh8 19. Kd2 Bd6 20. h3 g4 21. fxg4 Rxg4 22. Rg1 Bh2 23. hxg4 Bxg1 24. Ne2 Bc5 25. c4 Kc6 26. cxd5+ exd5 27. Rf3 Rh7 28. Rf6+ Kd7 29. Rf5 Rg7 30. Rxd5+ Kc6 31. Rf5 Rxg4 32. Rf6+ Bd6 33. Rxf7 Rxg2 1/2-1/2

[Event "45th FIDE Olympiad 2024"]
[Site "Budapest"]
[Date "2024.09.18"]
[Round "7.181"]
[White "Al Hosani, Omran"]
[Black "Juarez Flores, Carlos A."]
[Result "1/2-1/2"]
[WhiteElo "2241"]
[BlackElo "2308"]
[PlyCount "106"]
[EventDate "2024.09.05"]
[EventType "team-tourn"]
[EventCountry "HUN"]
[WhiteTeam "United Arab Emirates"]
[BlackTeam "Guatemala"]
[WhiteTeamCountry "UAE"]
[BlackTeamCountry "GUA"]
[TimeControl "40/5400+30:1800+30"]

1. d4 d5 2. c4 e6 3. Nf3 a6 4. cxd5 exd5 5. Nc3 Be7 6. Bf4 Nf6 7. e3 O-O 8. Bd3 c5 9. O-O c4 10. Be2 Bf5 11. Ne5 b5 12. a3 Ne4 13. Bg4 Nxc3 14. bxc3 Qc8 15. Bxf5 Qxf5 16. Qb1 Qxb1 17. Rfxb1 f6 18. Nf3 Nc6 19. Nd2 f5 20. f3 g5 21. Bg3 f4 22. Be1 fxe3 23. Nf1 Bf6 24. Nxe3 Nxd4 25. Nxd5 Nb3 26. Ra2 Rad8 27. Nxf6+ Rxf6 28. a4 Rfd6 29. axb5 axb5 30. Kf1 Rd1 31. Rxd1 Rxd1 32. Ra8+ Kf7 33. Ke2 Rb1 34. Rb8 Nc1+ 35. Ke3 Na2 36. Rb7+ Ke6 37. Bd2 b4 38. cxb4 c3 39. Rxh7 cxd2 40. Kxd2 Rb2+ 41. Ke3 Rxb4 42. g3 Rb3+ 43. Kf2 Rb2+ 44. Ke3 Nb4 45. h4 Nd5+ 46. Kd3 Rg2 47. Rh6+ Ke5 48. Rh5 Rxg3 49. Rxg5+ Rxg5 50. hxg5 Kf5 51. g6 Nf4+ 52. Ke3 Nxg6 53. f4 Nxf4 1/2-1/2

[Event "45th FIDE Olympiad 2024"]
[Site "Budapest"]
[Date "2024.09.18"]
[Round "7.182"]
[White "Galvez Dastin, Eduardo"]
[Black "Ammar, Sedrani"]
[Result "0-1"]
[WhiteElo "2100"]
[BlackElo "2226"]
[PlyCount "124"]
[EventDate "2024.09.05"]
[EventType "team-tourn"]
[EventCountry "HUN"]
[WhiteTeam "Guatemala"]
[BlackTeam "United Arab Emirates"]
[WhiteTeamCountry "GUA"]
[BlackTeamCountry "UAE"]
[TimeControl "40/5400+30:1800+30"]

1. d4 d5 2. c4 e6 3. cxd5 exd5 4. Nc3 c6 5. Bf4 Nf6 6. e3 Bd6 7. Bxd6 Qxd6 8. Qb3 O-O 9. Bd3 Nbd7 10. Nf3 Re8 11. Qc2 Nf8 12. h3 Ne6 13. O-O g6 14. Rfb1 a5 15. a3 Ng7 16. Rd1 Bf5 17. Rab1 Bxd3 18. Rxd3 Nf5 19. b4 axb4 20. axb4 b5 21. Ne5 Ra6 22. Ne2 Nd7 23. Nxd7 Qxd7 24. Rdd1 Rea8 25. Qc3 Nd6 26. Ra1 Ra2 27. Rxa2 Rxa2 28. Ng3 Nc4 29. Ra1 Qa7 30. Rxa2 Qxa2 31. Qe1 Qb2 32. Ne2 Kg7 33. Nf4 Nd2 34. Nd3 Qc3 35. Qe2 Nc4 36. g3 Na3 37. Ne5 f6 38. Nd7 Qxb4 39. Qg4 Qb1+ 40. Kg2 Qe4+ 41. Qxe4 dxe4 42. Nc5 f5 43. g4 Nc4 44. gxf5 gxf5 45. Kg3 Nb2 46. Kf4 Kg6 47. Ke5 Nd3+ 48. Kd6 b4 49. Nb3 Nxf2 50. Kxc6 f4 51. d5 fxe3 52. d6 Nd3 53. Nc1 Ne5+ 54. Kd5 Kf6 55. Kd4 b3 56. Kc3 Nd3 57. Ne2 b2 58. Kc2 Ke6 59. Nc3 h6 60. Kb1 Kxd6 61. Nxe4+ Ke5 62. Nc3 Nf4 {0-} 0-1

[Event "45th FIDE Olympiad 2024"]
[Site "Budapest"]
[Date "2024.09.18"]
[Round "7.183"]
[White "Ahmed, Fareed"]
[Black "Aragon Trujillo, Ricardo M."]
[Result "1-0"]
[WhiteElo "2061"]
[BlackElo "2057"]
[PlyCount "99"]
[EventDate "2024.09.05"]
[EventType "team-tourn"]
[EventCountry "HUN"]
[WhiteTeam "United Arab Emirates"]
[BlackTeam "Guatemala"]
[WhiteTeamCountry "UAE"]
[BlackTeamCountry "GUA"]
[TimeControl "40/5400+30:1800+30"]

1. e4 c5 2. Nf3 d6 3. c3 Nf6 4. Be2 g6 5. O-O Bg7 6. Re1 O-O 7. Bf1 Nc6 8. h3 e5 9. d3 d5 10. Nbd2 Re8 11. a3 a5 12. a4 b6 13. exd5 Nxd5 14. Nc4 h6 15. g3 Ba6 16. Qb3 Rb8 17. Bg2 Nc7 18. Nfd2 Re6 19. Be4 Ne7 20. Qc2 Qd7 21. Bg2 Rd8 22. Bf1 Bb7 23. b3 Qc6 24. f3 f5 25. Be2 g5 26. g4 Ncd5 27. gxf5 Nxf5 28. Ne4 Rf8 29. Rf1 Nh4 30. Bd1 Nf4 31. Bxf4 gxf4 32. Ra2 Rg6+ 33. Kh2 Qe6 34. Qf2 Rg2+ 35. Qxg2 Nxg2 36. Rxg2 Bc8 37. Rg4 h5 38. Rh4 Rd8 39. Be2 Qf7 40. Rg1 Bf5 41. Ncd6 Qe6 42. Nxf5 Qxf5 43. Rxh5 Qf8 44. Rhg5 Rd7 45. Rg6 Kh7 46. h4 Qf5 47. R6g5 Qe6 48. Rh5+ Kg8 49. d4 Kf8 50. Bc4 1-0

[Event "45th FIDE Olympiad 2024"]
[Site "Budapest"]
[Date "2024.09.18"]
[Round "7.184"]
[White "Garcia Fuentes, Sergio Miguel"]
[Black "Sultan, Ibrahim"]
[Result "0-1"]
[WhiteElo "2114"]
[BlackElo "2206"]
[PlyCount "110"]
[EventDate "2024.09.05"]
[EventType "team-tourn"]
[EventCountry "HUN"]
[WhiteTeam "Guatemala"]
[BlackTeam "United Arab Emirates"]
[WhiteTeamCountry "GUA"]
[BlackTeamCountry "UAE"]
[TimeControl "40/5400+30:1800+30"]

1. d4 d5 2. Bg5 h6 3. Bh4 c5 4. Nf3 cxd4 5. Nxd4 Nc6 6. e3 g5 7. Bg3 Bg7 8. Nb5 Bxb2 9. Nc7+ Kf8 10. Nd2 Bg4 11. f3 Rc8 12. fxg4 Rxc7 13. Bxc7 Qxc7 14. Rb1 Bc3 15. Bd3 Nf6 16. Qe2 Ne5 17. Kd1 Nfxg4 18. h3 Nf6 19. Rf1 Kg7 20. Nf3 Ne4 21. Nxe5 Bxe5 22. Bxe4 dxe4 23. Rb3 Qa5 24. a3 Rc8 25. Kc1 a6 26. Qh5 Qd5 27. Kb1 Rc3 28. Qd1 Qe6 29. Rf2 Rxe3 30. Re2 Rxb3+ 31. cxb3 Bf6 32. Ka2 Qe5 33. Qe1 e3 34. Qc1 Qd5 35. g4 Bd4 36. Rxe3 Bxe3 37. Qxe3 e6 38. a4 Kg6 39. Kb2 h5 40. gxh5+ Kxh5 41. Qe2+ Kh6 42. Ka2 e5 43. Qf2 Qe6 44. h4 e4 45. Qe3 f6 46. hxg5+ fxg5 47. Kb1 Kh5 48. Kc2 Qe5 49. Qh3+ Kg6 50. Qc8 e3 51. Kd1 Qd5+ 52. Ke2 Qd2+ 53. Kf3 Qf2+ 54. Ke4 Qf4+ 55. Kd3 Qf5+ {0-} 0-1

[Event "45th FIDE Olympiad 2024"]
[Site "Budapest"]
[Date "2024.09.18"]
[Round "7.185"]
[White "Pace, Colin"]
[Black "Xie, Felix"]
[Result "0-1"]
[WhiteElo "2186"]
[BlackElo "2320"]
[PlyCount "94"]
[EventDate "2024.09.05"]
[EventType "team-tourn"]
[EventCountry "HUN"]
[WhiteTeam "Malta"]
[BlackTeam "New Zealand"]
[WhiteTeamCountry "MLT"]
[BlackTeamCountry "NZL"]
[TimeControl "40/5400+30:1800+30"]

1. e4 c5 2. Nf3 e6 3. d4 cxd4 4. Nxd4 Nf6 5. Nc3 Nc6 6. Nxc6 bxc6 7. e5 Nd5 8. Ne4 Bb7 9. c4 Nb4 10. c5 Qb8 11. f4 Ba6 12. a3 Bxf1 13. Rxf1 Nd5 14. Rf3 Be7 15. Qc2 f6 16. exf6 gxf6 17. Bd2 f5 18. Nc3 Rg8 19. g3 Qb7 20. Nxd5 cxd5 21. b4 d4 22. Kf2 h5 23. Re1 Kf7 24. Rd3 h4 25. c6 dxc6 26. Qc4 Rg6 27. g4 c5 28. Rxe6 Rxe6 29. gxf5 Qe4 30. Qxe6+ Qxe6 31. fxe6+ Kxe6 32. bxc5 Kd5 33. Rb3 Bxc5 34. Rb7 Ke4 35. Bb4 Bb6 36. Re7+ Kxf4 37. Bd2+ Kf5 38. Kf3 Rc8 39. Rh7 Rc2 40. Ke2 Kg4 41. Kd1 Ra2 42. h3+ Kxh3 43. Be1 Ra1+ 44. Ke2 d3+ 45. Kf1 Bd8 46. Rd7 d2 47. Rxd2 Rxe1+ {0-} 0-1

[Event "45th FIDE Olympiad 2024"]
[Site "Budapest"]
[Date "2024.09.18"]
[Round "7.186"]
[White "Renjith, Sravan"]
[Black "Novak, Attila Robert"]
[Result "1-0"]
[WhiteElo "2325"]
[BlackElo "2135"]
[PlyCount "75"]
[EventDate "2024.09.05"]
[EventType "team-tourn"]
[EventCountry "HUN"]
[WhiteTeam "New Zealand"]
[BlackTeam "Malta"]
[WhiteTeamCountry "NZL"]
[BlackTeamCountry "MLT"]
[TimeControl "40/5400+30:1800+30"]

1. Nf3 d5 2. c4 dxc4 3. Qa4+ c6 4. Qxc4 Nf6 5. d4 Bf5 6. g3 h6 7. Bg2 e6 8. O-O Nbd7 9. Bf4 Qb6 10. Qc1 Be7 11. Nc3 O-O 12. Re1 Ne4 13. Nh4 Bxh4 14. Nxe4 Be7 15. Nc3 Rac8 16. e4 Bh7 17. Be3 Qa5 18. Qd2 Qh5 19. d5 Rfd8 20. Qd1 Qxd1 21. Raxd1 Nb6 22. Bh3 f5 23. Bxb6 axb6 24. exf5 cxd5 25. f6 Bxf6 26. Bxe6+ Kf8 27. Bxc8 Rxc8 28. Nxd5 Bxb2 29. Nxb6 Rc7 30. Rd8+ Kf7 31. Nd5 Rc2 32. Rd7+ Kg6 33. Nf4+ Kg5 34. Rxb7 Bf5 35. Re2 Rc1+ 36. Kg2 Bd4 37. Rf7 Rc3 38. f3 1-0

[Event "45th FIDE Olympiad 2024"]
[Site "Budapest"]
[Date "2024.09.18"]
[Round "7.187"]
[White "Mizzi, Jack"]
[Black "Croad, Nicolas"]
[Result "1/2-1/2"]
[WhiteElo "2053"]
[BlackElo "2195"]
[PlyCount "87"]
[EventDate "2024.09.05"]
[EventType "team-tourn"]
[EventCountry "HUN"]
[WhiteTeam "Malta"]
[BlackTeam "New Zealand"]
[WhiteTeamCountry "MLT"]
[BlackTeamCountry "NZL"]
[TimeControl "40/5400+30:1800+30"]

1. d4 Nf6 2. c4 e6 3. g3 Bb4+ 4. Nd2 c5 5. a3 Bxd2+ 6. Qxd2 cxd4 7. Nf3 O-O 8. Bg2 d5 9. cxd5 Qxd5 10. Qxd4 Nc6 11. Qxd5 Nxd5 12. b4 Bd7 13. O-O Rac8 14. Bd2 Rfd8 15. Rfc1 h6 16. b5 Nce7 17. e4 Nf6 18. Ba5 Rxc1+ 19. Rxc1 Rc8 20. Rxc8+ Nxc8 21. Nd4 e5 22. Nf3 Bxb5 23. Nxe5 Nd6 24. f3 Nd7 25. Nxd7 Bxd7 26. Bb4 Nb5 27. Bf1 b6 28. Kf2 Nd4 29. Bc4 Be6 30. Bd3 f6 31. Ke3 Nc6 32. Bd6 Ne5 33. Bb8 Nxd3 34. Kxd3 a6 35. Kd4 Kf7 36. Bc7 b5 37. f4 f5 38. exf5 Bxf5 39. Ke5 g6 40. Ba5 h5 41. Bb4 Bh3 42. Ba5 Bf5 43. Bb4 Bh3 44. Ba5 1/2-1/2

[Event "45th FIDE Olympiad 2024"]
[Site "Budapest"]
[Date "2024.09.18"]
[Round "7.188"]
[White "Gong, Daniel Hanwen"]
[Black "Zerafa, Patrick"]
[Result "1/2-1/2"]
[WhiteElo "2240"]
[BlackElo "1986"]
[PlyCount "74"]
[EventDate "2024.09.05"]
[EventType "team-tourn"]
[EventCountry "HUN"]
[WhiteTeam "New Zealand"]
[BlackTeam "Malta"]
[WhiteTeamCountry "NZL"]
[BlackTeamCountry "MLT"]
[TimeControl "40/5400+30:1800+30"]

1. d4 Nf6 2. c4 g6 3. Nc3 Bg7 4. e4 d6 5. h3 e5 6. dxe5 dxe5 7. Qxd8+ Kxd8 8. Be3 c6 9. Nf3 Nbd7 10. O-O-O Ke7 11. g4 Re8 12. Nxe5 Nxe4 13. Nxd7 Nxc3 14. Bc5+ Kd8 15. bxc3 Bxd7 16. Kb2 b6 17. Be3 Kc7 18. g5 Rad8 19. Be2 Be6 20. h4 Rxd1 21. Rxd1 Rd8 22. Bd4 Bf8 23. h5 Bd6 24. Bf6 Rd7 25. hxg6 hxg6 26. a4 Bc5 27. Bd4 Be7 28. Rg1 c5 29. Be3 Bd6 30. Ra1 a5 31. Rh1 Rd8 32. Kb3 Be5 33. Bf3 Rd3 34. Rc1 Rd8 35. Rh1 Rd3 36. Rc1 Rd8 37. Rh1 Rd3 1/2-1/2

[Event "45th FIDE Olympiad 2024"]
[Site "Budapest"]
[Date "2024.09.18"]
[Round "7.189"]
[White "Barrish, Daniel"]
[Black "Alho, Diogo"]
[Result "1-0"]
[WhiteElo "2281"]
[BlackElo "2192"]
[PlyCount "103"]
[EventDate "2024.09.05"]
[EventType "team-tourn"]
[EventCountry "HUN"]
[WhiteTeam "South Africa"]
[BlackTeam "Cape Verde"]
[WhiteTeamCountry "RSA"]
[TimeControl "40/5400+30:1800+30"]

1. d4 Nf6 2. c4 e6 3. Nc3 Bb4 4. Qc2 d5 5. a3 Bxc3+ 6. Qxc3 O-O 7. Nf3 dxc4 8. Qxc4 c6 9. g3 Qd5 10. Qc2 Nbd7 11. Bg2 e5 12. dxe5 Nxe5 13. O-O Nxf3+ 14. Bxf3 Bf5 15. Bxd5 Bxc2 16. Bg2 Rfe8 17. Re1 a5 18. f3 Rad8 19. e4 a4 20. Be3 h6 21. Rac1 Bb3 22. Bf1 Nd7 23. Rc3 Ne5 24. Bc1 b5 25. f4 Nc4 26. Kf2 f6 27. h4 Rd6 28. h5 Na5 29. Bg2 Nc4 30. Bf3 Red8 31. Bg4 Re8 32. Bf5 Na5 33. Rc5 Bf7 34. e5 Rd5 35. Rxd5 Bxd5 36. Bd7 Re7 37. e6 Nb7 38. f5 Nc5 39. Bf4 Nxd7 40. Bd6 Ne5 41. Rxe5 fxe5 42. Bxe7 Bb3 43. g4 Bd1 44. Kg3 e4 45. Bc5 Be2 46. Kh4 Bc4 47. g5 hxg5+ 48. Kxg5 Kh7 49. Be3 Bb3 50. h6 gxh6+ 51. Kf6 Kg8 52. Ke7 1-0

[Event "45th FIDE Olympiad 2024"]
[Site "Budapest"]
[Date "2024.09.18"]
[Round "7.190"]
[White "Mirulla, David"]
[Black "Karsten, Jan"]
[Result "0-1"]
[WhiteElo "1904"]
[BlackElo "2311"]
[PlyCount "88"]
[EventDate "2024.09.05"]
[EventType "team-tourn"]
[EventCountry "HUN"]
[WhiteTeam "Cape Verde"]
[BlackTeam "South Africa"]
[BlackTeamCountry "RSA"]
[TimeControl "40/5400+30:1800+30"]

1. e4 c5 2. Nf3 d6 3. d4 cxd4 4. Nxd4 Nf6 5. Nc3 a6 6. h3 e5 7. Nde2 h5 8. g3 Be7 9. Bg2 b5 10. Bg5 Be6 11. Bxf6 Bxf6 12. Nd5 Nd7 13. O-O O-O 14. Qd2 Bg5 15. f4 Bh6 16. Qd3 Rc8 17. Nec3 b4 18. Na4 Bxd5 19. exd5 exf4 20. gxf4 Qa5 21. b3 Nc5 22. Nxc5 Qxc5+ 23. Kh1 Qxc2 24. Be4 Qxd3 25. Bxd3 Rc3 26. Bxa6 Re8 27. Rfe1 Ree3 28. Rxe3 Rxe3 29. Rc1 Rxh3+ 30. Kg2 Rh2+ 31. Kf3 Rxa2 32. Rc6 h4 33. Bf1 Rb2 34. Rc8+ Kh7 35. Bd3+ g6 36. Bc2 Bg7 37. f5 h3 38. fxg6+ fxg6 39. Kg3 h2 40. Be4 Be5+ 41. Kg4 Rxb3 42. Rc1 Rg3+ 43. Kh4 Kh6 44. Bxg6 Rg1 {0-} 0-1

[Event "45th FIDE Olympiad 2024"]
[Site "Budapest"]
[Date "2024.09.18"]
[Round "7.191"]
[White "Levitan, Caleb Levi"]
[Black "Vaz, Jose Carlos"]
[Result "1-0"]
[WhiteElo "2193"]
[BlackElo "1909"]
[PlyCount "138"]
[EventDate "2024.09.05"]
[EventType "team-tourn"]
[EventCountry "HUN"]
[WhiteTeam "South Africa"]
[BlackTeam "Cape Verde"]
[WhiteTeamCountry "RSA"]
[TimeControl "40/5400+30:1800+30"]

1. e4 c5 2. Nf3 Nc6 3. Nc3 e6 4. d4 cxd4 5. Nxd4 Nf6 6. a3 Be7 7. Be3 a6 8. Be2 O-O 9. O-O d5 10. exd5 Nxd5 11. Nxd5 exd5 12. Qd2 Ne5 13. Bf4 Nc4 14. Qc3 Bd6 15. Bxd6 Nxd6 16. Bf3 Ne4 17. Qd3 Ng5 18. Rad1 Qd6 19. Rfe1 Bd7 20. h4 Nxf3+ 21. Nxf3 Bc6 22. Ng5 g6 23. Qd4 Qd8 24. Re3 h6 25. Nf3 Re8 26. Ne5 h5 27. Rde1 Re6 28. Qf4 Be8 29. Nxf7 Rxe3 30. Nh6+ Kg7 31. Rxe3 Rc8 32. Rg3 Qf6 33. Nf5+ Kg8 34. Qf3 Kh7 35. Ne3 Qxf3 36. Rxf3 d4 37. Nd1 Bb5 38. Rf4 Rd8 39. f3 d3 40. cxd3 Rxd3 41. Nc3 Bc6 42. Rf7+ Kg8 43. Re7 Kf8 44. Re2 Rd4 45. Ne4 Bb5 46. Rd2 Rc4 47. Kf2 Bc6 48. Ke3 Ke7 49. g3 Rc1 50. Kf4 Rf1 51. Re2 Kf8 52. Re3 Rc1 53. b4 Kg7 54. Ke5 Rd1 55. Kf4 Rd4 56. Rc3 Rd1 57. Nc5 Rd6 58. Ke5 Rf6 59. Ne6+ Kf7 60. Nd8+ Ke7 61. Nxc6+ bxc6 62. Kd4 Kd6 63. f4 Re6 64. Re3 Rxe3 65. Kxe3 Kd5 66. f5 gxf5 67. Kf4 a5 68. bxa5 c5 69. a6 Kc6 1-0

[Event "45th FIDE Olympiad 2024"]
[Site "Budapest"]
[Date "2024.09.18"]
[Round "7.192"]
[White "Barros, Luis"]
[Black "Mhango, Banele"]
[Result "0-1"]
[WhiteElo "1814"]
[BlackElo "2261"]
[PlyCount "80"]
[EventDate "2024.09.05"]
[EventType "team-tourn"]
[EventCountry "HUN"]
[WhiteTeam "Cape Verde"]
[BlackTeam "South Africa"]
[BlackTeamCountry "RSA"]
[TimeControl "40/5400+30:1800+30"]

1. e4 e5 2. Nf3 Nc6 3. d4 exd4 4. Nxd4 Qh4 5. Nc3 Bb4 6. Ndb5 Ba5 7. Bc4 Qxe4+ 8. Qe2 Qxe2+ 9. Kxe2 a6 10. Na3 b5 11. Ncxb5 axb5 12. Nxb5 Nf6 13. Bf4 Ba6 14. a4 O-O 15. Rhd1 Rfe8+ 16. Kf1 Re4 17. Bxc7 Rxc4 18. Bxa5 Nxa5 19. c3 Rxa4 20. c4 Rxa1 21. Rxa1 Bxb5 22. cxb5 Nd5 23. b6 Nxb6 24. Ke2 Nac4 25. Rb1 Ra2 26. Kd3 Rxb2 27. Re1 g5 28. f3 Rxg2 29. Ke4 Rd2 30. Kf5 h6 31. h4 Kg7 32. hxg5 Rd5+ 33. Kg4 Ne5+ 34. Kg3 hxg5 35. Rh1 Rd3 36. Kg2 Rd2+ 37. Kg3 f5 38. Rg1 Nd5 39. f4 Nxf4 40. Rh1 Rg2# {0-} 0-1

[Event "45th FIDE Olympiad 2024"]
[Site "Budapest"]
[Date "2024.09.18"]
[Round "7.193"]
[White "Arab, Adlane"]
[Black "Michaelides, Konstantinos"]
[Result "1-0"]
[WhiteElo "2477"]
[BlackElo "2297"]
[PlyCount "105"]
[EventDate "2024.09.05"]
[EventType "team-tourn"]
[EventCountry "HUN"]
[WhiteTeam "Algeria"]
[BlackTeam "Cyprus"]
[WhiteTeamCountry "ALG"]
[BlackTeamCountry "CYP"]
[TimeControl "40/5400+30:1800+30"]

1. d4 Nf6 2. c4 e6 3. Nf3 Bb4+ 4. Bd2 Qe7 5. g3 Nc6 6. Nc3 Bxc3 7. Bxc3 Ne4 8. Rc1 O-O 9. Bg2 d6 10. d5 Nd8 11. O-O f5 12. Nd2 Nxc3 13. Rxc3 e5 14. c5 Nf7 15. cxd6 cxd6 16. Qb3 b6 17. Qa3 Bb7 18. Rfc1 Rfc8 19. e4 Rxc3 20. Rxc3 fxe4 21. Nxe4 Kh8 22. Qb3 Rc8 23. Rxc8+ Bxc8 24. Qc4 Bb7 25. Bh3 h6 26. Bf5 Ng5 27. Nxg5 Qxg5 28. Be6 Qd8 29. h4 g6 30. b4 h5 31. b5 Kg7 32. Qc3 Kh6 33. Qa3 Qb8 34. Qe3+ Kg7 35. Qg5 Qf8 36. Qc1 Qd8 37. a4 Qe7 38. Qc3 a5 39. Qe3 Qd8 40. Kh2 Kh7 41. Qc3 Kh6 42. Kh3 Kh7 43. f4 exf4 44. gxf4 Qh8 45. Qf3 Qf6 46. f5 Kg7 47. Qd3 Qa1 48. Qe3 Qf6 49. Qf3 Kf8 50. Qg3 Qa1 51. Qxd6+ Kg7 52. Qe7+ Kh6 53. Qg5+ 1-0